 Dungeon Crawl Stone Soup version 0.20.1-1-g8b1a95d (webtiles) character file.

914 letownia2 the Reanimator (level 7, -7/61 HPs)
             Began as a Deep Dwarf Necromancer on Nov 2, 2017.
             Killed from afar by Natasha (8 damage)
             ... with a wand of flame (?/48)
             ... on level 4 of the Dungeon.
             The game lasted 00:07:22 (3114 turns).

letownia2 the Reanimator (Deep Dwarf Necromancer)   Turns: 3114, Time: 00:07:23

Health: -7/61      AC:  5    Str: 12    XL:     7   Next: 82%
Magic:  12/12      EV: 15    Int: 17    God:
Gold:   143        SH:  0    Dex: 13    Spells: 9/13 levels left

rFire    . . .     SeeInvis .   a - +1 flail (holy)
rCold    . . .     Gourm    .   (no shield)
rNeg     . . .     Faith    .   h - +0 ring mail
rPois    .         Spirit   .   (no helmet)
rElec    .         Reflect  .   (no cloak)
rCorr    .         Harm     .   (no gloves)
MR       +....                  (no boots)
Stlth    +.........             (no amulet)
Regen    0.0/turn               q - +4 ring of evasion
MPRegen  0.2/turn               (no ring)

@: non-regenerating
A: damage resistance, heal wounds, sense surroundings 1, no regeneration
a: Heal Wounds


You were on level 4 of the Dungeon.
You were near starving.

You visited 1 branch of the dungeon, and saw 5 of its levels.

You collected 143 gold pieces.

Inventory:

Hand Weapons
 a - a +1 flail of holy wrath (weapon)
 s - a +0 dagger
Missiles
 j - 16 poisoned needles
Armour
 f - a +0 robe
 h - a +0 ring mail (worn)
Jewellery
 q - a +4 ring of evasion (left hand)
Wands
 o - a wand of scattershot (3/9)
Scrolls
 i - a scroll of enchant weapon {unknown}
 l - a scroll of teleportation {unknown}
 m - a scroll of magic mapping {unknown}
 p - a scroll of identify
 r - a scroll of fear {unknown}
Potions
 e - a potion of lignification {unknown}
 g - a potion of brilliance {unknown}
 k - 3 potions of heal wounds {unknown}
 n - 4 potions of curing {unknown}
 t - a potion of mutation {unknown}
 u - a potion of degeneration {unknown}
Books
 b - a book of Necromancy

   Spells                             Type                      Level
   a - Pain                           Necromancy                   1
   b - Animate Skeleton               Necromancy                   1
   c - Vampiric Draining              Necromancy                   3
   d - Regeneration                   Charms/Necromancy            3
   e - Animate Dead                   Necromancy                   4
   f - Control Undead                 Necromancy                   4
 v - a book of Misfortune

   Spells                             Type                      Level
   a - Confusing Touch                Hexes                        1
   b - Confuse                        Hexes                        3
   c - Gell's Gravitas                Translocation                3
   d - Petrify                        Transmutation/Earth          4
   e - Metabolic Englaciation         Hexes/Ice                    5
   f - Yara's Violent Unravelling     Hexes/Transmutation          5
Comestibles
 c - 5 bread rations
 d - a royal jelly
 w - 4 fruits


   Skills:
 + Level 2.9 Fighting
 - Level 2.1 Armour
 - Level 2.1 Dodging
 - Level 2.4 Stealth
 + Level 3.8 Spellcasting
 + Level 8.6 Necromancy


You had 9 spell levels left.
You knew the following spells:

 Your Spells              Type           Power        Failure   Level  Hunger
a - Pain                  Necr           ####         1%          1    None
v - Vampiric Draining     Necr           ####......   3%          3    ###....


Dungeon Overview and Level Annotations

Branches:
Dungeon (5/15)
 Temple: D:4-7

Altars:
Ashenzari
Elyvilon
Fedhas
Trog
Vehumet

Annotations:
D:3 Sigmund
D:4 Natasha
D:5 exclusion: oklob plant


Innate Abilities, Weirdness & Mutations

You are resistant to damage.
You can heal yourself by infusing magical energy.
You passively map a small area around you.
You do not regenerate.


Message History

Unknown command.
Key pressed, stopping explore.
Found 22 sling bullets.
You see here 22 sling bullets.
w - 4 fruits
Found a stone staircase leading down.
An ogre comes into view. It is wielding a giant club.
The ogre shouts!
There is a stone staircase leading up here.
You climb upwards.
There is a stone staircase leading down here.
You are near starving!
(D) Dungeon
Where to? (Enter - D:4 @ (x,y), ? - help)
There is an open door here.
Natasha, Servant of Life and Death comes into view.
There is an open door here.
Natasha hisses angrily.
Natasha zaps a wand.
The puff of flame hits you!
You die...

#.# #.# #.##.# #.# ##'## #.##.#
#.# ##...## #.##.# ####.#
##.....## #..... #....#
##.......## ##.#.#
#######....####.........####....#
..............'.[.......'.......#
######.....####h........####....#
.# #...#.## ##@......## ##.#.# .#
##.#.## ##.....## ###.# .# #..##
##...## ##.# .# #.## ##'## ##...
.# #.######### #.# #..#. ##
#.#.......# #.# #.### #...#####(#
##.## #..#. ###'### #.###...##
##... #.....####.##.....# ###.


You could see Natasha.

Vanquished Creatures
  The ghost of letownia2 the Grave Robber, an amateur DDNe (D:5)
  Edmund (D:4)
  A crocodile (D:5)
  Blork the orc (D:4)
  A scorpion (D:4)
  A water moccasin zombie (D:5)
  2 bullfrog skeletons (D:5)
  2 iguanas (D:4)
  2 orc wizards (D:5)
  Natasha (twice) (D:4)
  2 worker ants (D:4)
  6 adders
  A shadow imp (D:5)
  An adder skeleton (D:5)
  A leopard gecko (D:3)
  2 orcs
  4 giant cockroaches
  2 goblins (D:2)
  3 hobgoblins
  4 jackals
  3 quokkas
  A ball python (D:2)
  2 frilled lizards
  A kobold (D:2)
  A leopard gecko skeleton (D:4)
  A quokka skeleton (D:4)
  4 rats
53 creatures vanquished.

Vanquished Creatures (others)
  16 toadstools (D:5)
16 creatures vanquished.

Grand Total: 69 creatures vanquished

Notes
Turn   | Place    | Note
-------+----------+-------------------------------------------
     0 | D:1      | letownia2 the Deep Dwarf Necromancer began the quest for the Orb.
     0 | D:1      | Reached XP level 1. HP: 15/15 MP: 3/3
    65 | D:1      | Found a shattered altar of Ashenzari.
   137 | D:2      | Reached XP level 2. HP: 8/22 MP: 0/5
   351 | D:2      | Found a radiant altar of Vehumet.
   473 | D:2      | Reached skill level 5 in Necromancy
   493 | D:2      | Reached skill level 1 in Armour
   493 | D:2      | Reached XP level 3. HP: 4/28 MP: 0/6
   498 | D:2      | Learned a level 3 spell: Vampiric Draining
   709 | D:3      | Noticed Sigmund
  1030 | D:4      | Noticed Blork the orc
  1042 | D:4      | Killed Blork the orc
  1042 | D:4      | Reached skill level 6 in Necromancy
  1042 | D:4      | Reached XP level 4. HP: 15/36 MP: 0/7
  1111 | D:4      | Found a white marble altar of Elyvilon.
  1185 | D:4      | Reached XP level 5. HP: 22/42 MP: 0/8
  1282 | D:4      | Noticed Natasha
  1390 | D:4      | Killed Natasha
  1390 | D:4      | Reached skill level 7 in Necromancy
  1703 | D:4      | Found a shattered altar of Ashenzari.
  1710 | D:4      | Reached XP level 6. HP: 45/49 MP: 1/9
  1982 | D:4      | Noticed Natasha
  1993 | D:4      | Killed Natasha
  2083 | D:4      | Noticed Edmund
  2122 | D:4      | Killed Edmund
  2122 | D:4      | Reached skill level 1 in Fighting
  2326 | D:5      | Entered Level 5 of the Dungeon
  2335 | D:5      | Reached skill level 8 in Necromancy
  2335 | D:5      | Reached XP level 7. HP: 45/57 MP: 3/11
  2568 | D:5      | Found a blossoming altar of Fedhas.
  2620 | D:5      | Found a bloodstained altar of Trog.
  2835 | D:5      | Noticed letownia2's ghost (amateur DDNe)
  2859 | D:5      | HP: 3/60 [letownia2's ghost/vampiric draining (10)]
  2862 | D:5      | HP: 1/60 [letownia2's ghost (2)]
  2864 | D:5      | Killed letownia2's ghost
  2950 | D:5      | Noticed an oklob plant
  3112 | D:4      | Noticed Natasha
  3114 | D:4      | Killed from afar by Natasha

Skill      XL: |  1  2  3  4  5  6  7 |
---------------+----------------------+-----
Spellcasting   | 2 3 |  3.8
Necromancy     | 5 6 7 8 |  8.6
Armour         | 1 2 |  2.1
Fighting       | 1 2 |  2.9
Dodging        | |  2.1
Stealth        | |  2.4

Action                   |  1- 3 |  4- 6 |  7- 9 || total
-------------------------+-------+-------+-------++-------
Melee: Dagger            |    35 |    23 |       ||    58
       Flail             |       |     5 |    40 ||    45
 Cast: Pain              |    34 |    40 |     4 ||    78
       Vampiric Draining |     9 |    15 |     6 ||    30
Evoke: Wand              |       |       |     3 ||     3
  Use: Scroll            |       |       |     1 ||     1
  Eat: Chunk             |     2 |     6 |     2 ||    10
Armor: Robe              |     3 |       |       ||     3
       Ring mail         |    21 |     7 |     6 ||    34
Dodge: Dodged            |    48 |    34 |    35 ||   117
